 Dungeon Crawl Stone Soup version 0.28.0-43-g3370ac3207 (webtiles) character file.

Game seed: 8444076111621840716

163 smarlow the Magician (level 5, -13/38 HPs)
             Began as a Djinni Fire Elementalist on Mar 8, 2022.
             Killed by divine providence
             ... invoked by an orc priest
              (17 damage)
             ... on level 3 of the Dungeon.
             The game lasted 00:03:27 (3189 turns).

smarlow the Magician (Djinni Fire Elementalist)     Turns: 3189, Time: 00:03:28

Health: -13/38     AC:  2    Str:  7    XL:     5   Next: 73%
Gold:   99         EV: 13    Int: 19    God:
                   SH:  0    Dex: 13

rFire   + + .      SeeInvis .   (no weapon)
rCold   x . .      Faith    .   (no shield)
rNeg    . . .      Spirit   .   a - +0 robe
rPois   ∞          Reflect  .   (no helmet)
rElec   .          Harm     .   (no cloak)
rCorr   .          Rampage  .   (no gloves)
Will    .....                   (boots unavailable)
Stlth   ++........              (no amulet)
HPRegen 0.12/turn               (no ring)
MPRegen 0.00/turn               (no ring)

@: flying
A: sickness immunity, fire resistance 2, cold vulnerability 1, float, innate
caster, HP casting, extra vitality 1
a: no special abilities


You were on level 3 of the Dungeon.
You visited 1 branch of the dungeon, and saw 3 of its levels.

You collected 99 gold pieces.

Inventory:

Missiles
 i - 2 throwing nets
Armour
 a - a +0 robe (worn)
Scrolls
 c - a scroll of magic mapping
 d - 3 scrolls of identify {unknown}
 h - a scroll of enchant weapon {unknown}
Potions
 b - a potion of haste {unknown}
 e - a potion of degeneration {unknown}
 f - a potion of mutation {unknown}
 g - a potion of heal wounds {unknown}


   Skills:
 + Level 2.2 Fighting
 + Level 3.5 Dodging
 - Level 1.5 Stealth
 * Level 3.6 Spellcasting


You couldn't memorise any spells.
You knew the following spells:

 Your Spells              Type           Power      Damage    Failure   Level
a - Foxfire               Conj/Fire      68%        2x1d7     3%          1
b - Scorch                Fire           34%        2d7       4%          2
c - Conjure Flame         Conj/Fire      17%        6-21      10%         3
d - Inner Flame           Hex/Fire       17%        N/A       10%         3
e - Flame Wave            Conj/Fire      17%        2d6       30%         4
f - Freeze                Ice            68%        1d8       3%          1
g - Corpse Rot            Necr/Air       34%        N/A       4%          2
Your spell library was empty.

Dungeon Overview and Level Annotations

Branches:
Dungeon (3/15)

Altars:
Dithmenos


Innate Abilities, Weirdness & Mutations

You are immune to sickness and miasma.
You are immune to poison.
Your flesh is very heat resistant. (rF++)
You are vulnerable to cold. (rC-)
You float through the air rather than walking.
You learn spells naturally, not from books.
Your magical power is your life essence.
You have superior vitality. (+4 MHP)


Message History

The orc priest invokes the aid of Beogh against you.
Beogh smites you!
A frilled lizard comes into view.
The orc misses you.
You are too injured to fight recklessly!
The orc is no longer more vulnerable to fire.
You are too injured to fight recklessly!
Casting: Scorch (safe; 4% risk of failure)
Press: ? - help, Q - select action, (/) - cycle Dir - look around, f - activate Flames lash the orc.
You kill the orc!
Casting: Scorch (safe; 4% risk of failure)
Press: ? - help, Q - select action, (/) - cycle Dir - look around, f - activate Flames lash the adder.
The adder is severely wounded.
The adder's fire resistance burns away.
The adder closely misses you. The adder bites you.
* * * LOW HITPOINT WARNING * * *
Casting: Scorch (safe; 4% risk of failure)
Press: ? - help, Q - select action, (/) - cycle Dir - look around, f - activate Flames lash the adder.
The adder is burned terribly!
You kill the adder!
* * * LOW HITPOINT WARNING * * *
You hear the slow rusting of a distant drain.
The orc priest barely misses you.
Casting: Scorch (safe; 4% risk of failure)
Press: ? - help, Q - select action, (/) - cycle Dir - look around, f - activate Flames lash the orc priest.
The orc priest is heavily wounded.
The orc priest's fire resistance burns away.
* * * LOW HITPOINT WARNING * * *
The orc priest closely misses you.
Casting: Scorch (safe; 4% risk of failure)
Press: ? - help, Q - select action, (/) - cycle Dir - look around, f - activate Flames lash the orc priest.
The orc priest is burned terribly!
The orc priest is almost dead.
* * * LOW HITPOINT WARNING * * *
The orc priest mumbles some strange prayers to Beogh against you.
Beogh smites you!
You die...

*,,,*#.# #...........
*,,,*#.# #...........
*,,,*#.# #...........
*,,,*#.# #...........
*,,,*#.# ###.####.#..
*,,,*#.# #.# #.#,.
*,,,*#.# #.# #.#,,
**##########o#######.*
#.#,,
*,..........@.......,*
#.#,,
**##################**
#.#,, #.#,, #.#** #.#
#.# #.# #.# #.#


You could see an orc priest (combustible).

Vanquished Creatures
  An orc priest (D:3)
  4 gnolls
  3 adders
  3 worms (D:2)
  2 orcs
  6 bats
  7 endoplasms
  2 giant cockroaches
  6 goblins
  3 hobgoblins (D:1)
  5 jackals (D:1)
  3 kobolds (D:2)
  2 quokkas
  4 ball pythons
  2 frilled lizards (D:2)
  7 rats
60 creatures vanquished.

Vanquished Creatures (others)
  23 foxfires (D:1)
  3 fungi (D:1)
26 creatures vanquished.

Grand Total: 86 creatures vanquished

Notes
Turn   | Place    | Note
-------+----------+-------------------------------------------
     0 | D:1      | smarlow the Djinni Fire Elementalist began the quest for
                  | the Orb.
     0 | D:1      | Reached XP level 1. HP: 15/15 MP: 0/0
   273 | D:1      | Reached XP level 2. HP: 19/22 MP: 0/0
   905 | D:1      | Reached XP level 3. HP: 21/26 MP: 0/0
   905 | D:1      | Learned a level 1 spell: Freeze
   970 | D:1      | Reached skill level 1 in Fighting
  1123 | D:1      | Found a faded altar of an unknown god.
  1646 | D:1      | Reached XP level 4. HP: 17/32 MP: 0/0
  2101 | D:2      | Found a shadowy altar of Dithmenos.
  2421 | D:2      | Reached XP level 5. HP: 29/38 MP: 0/0
  2421 | D:2      | Learned a level 2 spell: Corpse Rot
  3189 | D:3      | Killed from afar by an orc priest

Illustrated notes

Levels and vault maps discovered:
D:1:      nicolae_arrival_memento_mori, layout_loops_ring,
          shapermc_ecumenical_altar_mp_urbaneastern, skrybe_limestone_x
D:2:      layout_rooms, basic_altar, chequers_arboretum,
          minmay_misc_feat_nine_boxes, serial_park_tiny_2
D:3:      layout_basic, gup_sewer_entry_spiral

Skill      XL: |  1  2  3  4  5 |
---------------+----------------+-----
Fighting       | 1 2 |  2.2
Spellcasting   | 3 |  3.6
Dodging        | 3 |  3.5
Stealth        | |  1.5

Action                   |  1- 3 |  4- 6 || total
-------------------------+-------+-------++-------
Melee: Unarmed           |     5 |       ||     5
       Punch             |     1 |       ||     1
 Cast: Foxfire           |    15 |       ||    15
       Scorch            |    34 |    51 ||    85
  Use: Scroll            |       |     1 ||     1
Armor: Robe              |     2 |     2 ||     4
Dodge: Dodged            |     8 |    13 ||    21
